 Dungeon Crawl Stone Soup version 0.29-a0-962-gc8bbfd0a37 (webtiles) character file.

Game seed: 2440967534827581741

181 wingedge the Shooter (level 5, -7/42 HPs)
             Began as a Human Wanderer on July 30, 2022.
             Mangled by an ice beast (12 damage)
             ... on level 3 of the Dungeon.
             The game lasted 00:10:51 (3254 turns).

wingedge the Shooter (Human Wanderer)               Turns: 3254, Time: 00:10:51

Health: -7/42      AC:  3    Str: 18    XL:     5   Next: 92%
Magic:  5/5        EV: 11    Int:  8    God:
Gold:   188        SH:  0    Dex: 21    Spells: 4/4 levels left

rFire   . . .      SeeInvis .   a - +1 whip (venom)
rCold   . . .      Faith    .   (no shield)
rNeg    . . .      Spirit   .   m - +0 ring mail {Will+}
rPois   .          Reflect  .   (no helmet)
rElec   .          Harm     .   (no cloak)
rCorr   .          Rampage  .   p - +0 pair of gloves "Qukkuapn" {Dex+4}
Will    +....                   (no boots)
Stlth   ++........              (no amulet)
HPRegen 0.14/turn               (no ring)
MPRegen 0.09/turn               (no ring)

@: no status effects
A: deformed body, strong 2
a: no special abilities


You were on level 3 of the Dungeon.
You visited 1 branch of the dungeon, and saw 3 of its levels.

You collected 188 gold pieces.

Inventory:

Hand Weapons
 a - a +1 whip of venom (weapon)
 b - a +0 shortbow
 d - a +1 dagger
 n - a +0 long sword
 q - a +0 falchion
Missiles
 c - a datura-tipped dart (quivered)
Armour
 f - a +0 leather armour
 k - a +0 ring mail
 m - a +0 ring mail of willpower (worn)
 p - the +0 pair of gloves "Qukkuapn" (worn) {Dex+4}
   (You found it on level 2 of the Dungeon)

   Dex:       It affects your dexterity (+4).
Scrolls
 e - a scroll of amnesia {unknown}
 g - a scroll of torment {unknown}
 i - 2 scrolls of butterflies {unknown}
 l - a scroll of brand weapon {unknown}
 o - a scroll of poison {unknown}
 s - a scroll of teleportation {unknown}
Potions
 h - a potion of ambrosia {unknown}
 r - a potion of mutation


   Skills:
 - Level 4.0 Fighting
 - Level 3.0 Long Blades
 * Level 4.3 Ranged Weapons
 - Level 1.1 Armour
 - Level 1.0 Dodging
 - Level 3.0 Stealth


You had 4 spell levels left.
You didn't know any spells.
Your spell library was empty.

Dungeon Overview and Level Annotations

Branches:
Dungeon (3/15)

Altars:
Ru


Innate Abilities, Weirdness & Mutations

Armour fits poorly on your strangely shaped body.
Your muscles are very strong. (Str +8, Int/Dex -2)


Message History

The ice beast appears confused.
The ice beast is moderately wounded.
The ice beast closely misses you.
d - a +1 dagger (weapon)
You strike the helpless ice beast from behind!
You puncture the ice beast!
The ice beast is severely wounded.
The ice beast seems less confused.
The ice beast hits you but does no damage.
You hit the ice beast but do no damage.
The ice beast is severely wounded.
The ice beast hits you but does no damage.
You barely miss the ice beast.
The ice beast is severely wounded.
You hit the ice beast.
The ice beast is severely wounded.
The ice beast is no longer blind.
The ice beast hits you but does no damage.
You hit the ice beast but do no damage.
The ice beast is severely wounded.
The ice beast hits you. The ice beast freezes you!
Your +1 whip of venom begins to drip with poison!
a - a +1 whip of venom (weapon)
You closely miss the ice beast.
The ice beast is severely wounded.
The ice beast hits you. The ice beast freezes you!
You hit the ice beast.
The ice beast is almost dead.
The ice beast hits you. The ice beast freezes you!
* * * LOW HITPOINT WARNING * * *
Okay, then.
It was a potion of mutation.
You feel extremely strange.
You feel stronger. x2; Your body twists and deforms.
The ice beast completely misses you.
You closely miss the ice beast.
The ice beast is almost dead.
The ice beast hits you.
* * * LOW HITPOINT WARNING * * *
The ice beast freezes you!
You die...

#............# #.#.#######
#..#######.####..
#.......# ###..#
###..###.. #....# .....###
.....#.... +#######'.#
................#.#
#...#..)#.# #.........#
....#.# #...#...#..
###.###.### #..#.#
#.......##. # ....
...#.###(#.#######._.####.
# #.#P#
#.#....Y@.....#.......##.
# .P.?..
.#.......###.#...#.).#.. #
#P# #. #.......#
#.#...#...#.. #
#..##..####.'#######+.. #
#. .................... #
# .##...#####.#.#####.. #.
#.#. #.#.# ##. # #. ..
#.#.# #. #. #.#.######'


You could see an ice beast.

Vanquished Creatures
  2 adders (D:2)
  10 gnolls
  2 worms (D:2)
  2 dart slugs (D:2)
  8 endoplasms
  A giant cockroach (D:1)
  2 goblins
  A hobgoblin (D:2)
  5 jackals
  4 kobolds
  4 quokkas
  4 ball pythons
  4 bats
  2 frilled lizards
  5 rats
56 creatures vanquished.

Vanquished Creatures (collateral kills)
  A jackal (D:2)
  2 rats (D:2)
3 creatures vanquished.

Vanquished Creatures (others)
  A ball python (D:1)
  An endoplasm (D:1)
  A frilled lizard (D:1)
3 creatures vanquished.

Grand Total: 62 creatures vanquished

Notes
Turn   | Place    | Note
-------+----------+-------------------------------------------
     0 | D:1      | wingedge the Human Wanderer began the quest for the Orb.
     0 | D:1      | wingedge set off with the following items: a +1 dagger, 2
                  | atropa-tipped darts, a datura-tipped dart, a +0 falchion, a
                  | potion of lignification, a +0 leather armour.
     0 | D:1      | Reached XP level 1. HP: 19/19 MP: 1/1
   328 | D:1      | Reached XP level 2. HP: 25/25 MP: 2/2
   727 | D:1      | Reached skill level 1 in Armour
  1279 | D:1      | Reached XP level 3. HP: 28/30 MP: 3/3
  1642 | D:2      | Reached skill level 1 in Ranged Weapons
  1764 | D:2      | Reached XP level 4. HP: 37/37 MP: 4/4
  2299 | D:2      | Identified the +0 pair of gloves "Qukkuapn" {Dex+4}
  2492 | D:2      | Reached XP level 5. HP: 40/42 MP: 5/5
  3202 | D:3      | Found a sacrificial altar of Ru.
  3241 | D:3      | Noticed an ice beast
  3253 | D:3      | Gained mutation: Your muscles are strong. (Str +4, Int/Dex
                  | -1) [potion of mutation]
  3253 | D:3      | Gained mutation: Your muscles are very strong. (Str +8,
                  | Int/Dex -2) [potion of mutation]
  3253 | D:3      | Gained mutation: Armour fits poorly on your strangely
                  | shaped body. [potion of mutation]
  3254 | D:3      | Mangled by an ice beast

Illustrated notes

Levels and vault maps discovered:
D:1:      lemuel_arrival_muddy, layout_basic, lemuel_flame_loot_1
D:2:      layout_loops_cross, kennysheep_small_spiral
D:3:      layout_basic, nicolae_ru_great_annihilating_truth, serial_shops,
          nicolae_lakefront_shop, shapermc_ecumenical_altar_mp_urbaneastern,
          minmay_misc_feat_plants

Skill      XL: |  1  2  3  4  5 |
---------------+----------------+-----
Armour         | 1 |  1.1
Long Blades    | 3 |  3.0
Ranged Weapons | 1 3 4 |  4.3
Fighting       | |  4.0
Dodging        | |  1.0
Stealth        | |  3.0

Action                   |  1- 3 |  4- 6 || total
-------------------------+-------+-------++-------
Melee: Dagger            |    34 |    21 ||    55
       Falchion          |    32 |    12 ||    44
       Punch             |     1 |     2 ||     3
       Whip              |       |    11 ||    11
 Fire: Shortbow          |    20 |    50 ||    70
Throw: Dart              |     4 |     5 ||     9
  Use: Potion            |     1 |     1 ||     2
 Stab: Sleeping          |     5 |       ||     5
       Invisible         |       |     3 ||     3
       Paralysed         |       |     1 ||     1
Armor: Skin              |    40 |       ||    40
       Leather armour    |     9 |       ||     9
       Ring mail         |       |    24 ||    24
Dodge: Dodged            |    30 |    16 ||    46

Table legend: (Time is in decaauts)
 A = Elapsed time spent in this place.
 B = Non-inter-level travel time spent in this place.
 C = Inter-level travel time spent in this place.
 D = Time resting spent in this place.
 E = Time spent auto-exploring this place.
 F = Levels seen in this place.
 G = Mean time per level.
                   A        B        C        D        E       F      G
               +--------+--------+--------+--------+--------+-----+--------+
         Total |   3268 |   2969 |    299 |    283 |   2094 |   3 | 1089.3 |
       Dungeon |   3268 |   2969 |    299 |    283 |   2094 |   3 | 1089.3 |
               +--------+--------+--------+--------+--------+-----+--------+

Top non-repeatable levels by time:
     D:1: 1707 daAuts
     D:2: 1228 daAuts
     D:3: 333 daAuts
